 Dungeon Crawl Stone Soup version 0.20-a0-555-gf6ae02d (webtiles) character file.

25 Bzzzz the Skirmisher (level 2, 0/19 HPs)
             Began as a Demonspawn Abyssal Knight on Feb 7, 2017.
             Was a Follower of Lugonu.
             Succumbed to a scorpion's poison
             ... on level 1 of the Dungeon.
             The game lasted 00:04:03 (1206 turns).

Bzzzz the Skirmisher (Demonspawn Abyssal Knight)    Turns: 1206, Time: 00:04:03

Health: 0/19       AC:  3    Str: 12    XL:     2   Next: 86%
Magic:  3/3        EV: 11    Int: 13    God:    Lugonu [*.....]
Gold:   58         SH:  0    Dex: 12    Spells: 1/1 levels left

rFire    . . .     SeeInvis .   a - +1 falchion
rCold    . . .     Gourm    .   b - +0 leather armour
rNeg     . . .     Faith    +   (no shield)
rPois    .         Spirit   .   (no helmet)
rElec    .         Reflect  .   (no cloak)
rCorr    .         Harm     .   (no gloves)
MR       .....                  (no boots)
Stlth    +++.......             e - amulet of faith
Regen    0.1/turn               (no ring)
                                d - ring of stealth

@: lethally poisoned (0 -> -13), about to teleport
A: frail 2, nightstalker 1
a: Depart the Abyss, Renounce Religion


You were on level 1 of the Dungeon.
You worshipped Lugonu.
Lugonu was aware of your devotion.
You were not hungry.

You visited 1 branch of the dungeon, and saw 1 of its levels.
You visited the Abyss 1 time.

You collected 58 gold pieces.

Inventory:

Hand Weapons
 a - a +1 falchion (weapon)
 g - the +5 arbalest of the Morning {elec, rF+ rN+}
   (You acquired it on level 4 of the Abyss)

   It charges the ammunition it shoots with electricity; occasionally upon a
   hit, such missiles may discharge and cause terrible harm.
   It protects you from fire.
   It protects you from negative energy.
Armour
 b - a +0 leather armour (worn)
Jewellery
 d - a ring of stealth (left hand)
 e - an amulet of faith (around neck)
 j - a +3 amulet of reflection
Scrolls
 i - 2 scrolls of teleportation
Comestibles
 c - 2 bread rations
 f - a royal jelly
 h - a chunk of flesh


   Skills:
 + Level 3.1 Fighting
 * Level 2.2 Long Blades
 * Level 1.0 Crossbows
 + Level 1.9 Armour
 + Level 1.2 Dodging
 + Level 2.6 Invocations


You had one spell level left.
You didn't know any spells.

Dungeon Overview and Level Annotations

Branches:
Dungeon (1/15)

Altars:


Innate Abilities, Weirdness & Mutations

You are slightly more attuned to the shadows.
[You are very frail. (-20% HP)]


Message History

The scorpion stings you! The hobgoblin barely misses you.
Unknown command.
You hit the hobgoblin.
You kill the hobgoblin!
Lugonu accepts your kill. The scorpion stings you!
* * * LOW HITPOINT WARNING * * *
You are lethally poisoned!
The scorpion poisons you!
You are too injured to fight recklessly!
You are too injured to fight recklessly!
You are too injured to fight recklessly!
Unknown command.
You aren't carrying any potions.
Unknown command.
As you read the scroll of teleportation, it crumbles to dust.
You feel strangely unstable.
* * * LOW HITPOINT WARNING * * *
You feel sick. The scorpion barely misses you.
You die...

####### #....##### # ..# .. #..
#. #.#### ## # #...#
...#...#...#.# #. ###
#....#..#...#....#.#######. ..#
#.....##.#)#.....#.......[.
.>###.#.....#...#......#.......÷)
......#....#.....#.#...#.#######.
......#.#.#.......#....#.# #.
.........#...#.<@#...#...# #.
......#.#.#...#.#...#..### #.
......#....#...#†s)#...# #.
#.###.#.....#.....#....# #. #.#
.#.....##...#....(# #. #.
.#....#..#.#.#....# #.
#...#....#...#...# #.
#..#....#.....#..# #.
#.#............#. #.


You could see a scorpion.

Vanquished Creatures
  An ooze (D:1)
  A leopard gecko (D:1)
  3 goblins (D:1)
  2 hobgoblins (D:1)
  A ball python (D:1)
  4 bats (D:1)
  2 frilled lizards (D:1)
  5 kobolds (D:1)
  A rat (D:1)
20 creatures vanquished.

Notes
Turn   | Place    | Note
-------+----------+-------------------------------------------
     0 | Abyss:1  | Bzzzz the Demonspawn Abyssal Knight began the quest for the Orb.
     0 | Abyss:1  | Reached XP level 1. HP: 18/18 MP: 2/2
   131 | Abyss:2  | Noticed a smoke demon
   134 | Abyss:2  | Noticed a small abomination
   178 | Abyss:3  | Noticed a wretched star
   186 | Abyss:3  | Noticed an insubstantial wisp
   186 | Abyss:3  | Noticed an insubstantial wisp
   206 | Abyss:4  | Noticed a wretched star
   219 | Abyss:4  | Identified a scroll of acquirement
   222 | Abyss:4  | Got a faintly glowing arbalest
   231 | Abyss:4  | Noticed a raiju
   231 | D:1      | Escaped the Abyss
   250 | D:1      | Identified the +5 arbalest of the Morning {elec, rF+ rN+} (You acquired it on level 4 of the Abyss)
   359 | D:1      | Reached * piety under Lugonu
   503 | D:1      | Reached skill level 1 in Dodging
   503 | D:1      | Gained mutation: You are slightly more attuned to the shadows. [demonic ancestry]
   503 | D:1      | Reached XP level 2. HP: 12/19 MP: 3/3
   936 | D:1      | Reached skill level 1 in Crossbows
  1196 | D:1      | Noticed a scorpion
  1206 | D:1      | Succumbed to a scorpion's poison

Vault maps used:
D:1:      matt_arrival_diagonals
Abyss:2:  evilmike_abyss_exit_glass, minivault_11
Abyss:3:  guppyfry_abyss_exit_glass_guarded
Abyss:4:  evilmike_nicolae_abyss_rune_betentacled_crabyss, evilmike_abyss_exit_4

Skill      XL: |  1  2 |
---------------+-------+-----
Long Blades    | 2 |  2.2
Dodging        | 1 |  1.2
Crossbows      | 1 |  1.0
Fighting       | |  3.1
Armour         | |  1.9
Invocations    | |  2.6

Action                   || total
-------------------------++-------
Melee: Falchion          ||    42
Invok: Depart the Abyss  ||     1
  Use: Scroll            ||     6
 Stab: Sleeping          ||     3
  Eat: Chunk             ||     1
Armor: Leather armour    ||    17
Dodge: Dodged            ||    39
       Rpst.: Falchion   ||    11
